 Dungeon Crawl Stone Soup version 0.28.0-53-g5a82cb258f (webtiles) character file.

Game seed: 11453479172855268205

163 ZappyNine the Skirmisher (level 5, 0/28 HPs)
             Began as a Vine Stalker Fighter on June 30, 2022.
             Slain by a necrophage (2 damage)
             ... on level 4 of the Dungeon.
             The game lasted 00:01:51 (2732 turns).

ZappyNine the Skirmisher (Vine Stalker Fighter)     Turns: 2732, Time: 00:01:52

Health: 0/28       AC:  6    Str: 21    XL:     5   Next: 44%
Magic:  0/6        EV:  9    Int:  8    God:
Gold:   151        SH:  5    Dex: 13    Spells: 4/4 levels left

rFire   . . .      SeeInvis .   a - +1 rapier
rCold   . . .      Faith    .   c - +0 buckler
rNeg    . . .      Spirit   +   b - +0 scale mail
rPois   .          Reflect  .   (no helmet)
rElec   .          Harm     .   (no cloak)
rCorr   .          Rampage  .   (no gloves)
Will    .....                   (no boots)
Stlth   ..........              (no amulet)
HPRegen 0.89/turn               (no ring)
MPRegen 0.10/turn               (no ring)

@: lethally poisoned (0 -> -1), about to teleport
A: fangs 2, regeneration 1, magic shield, antimagic bite, no potion heal 2
a: no special abilities


You were on level 4 of the Dungeon.
You visited 1 branch of the dungeon, and saw 4 of its levels.

You collected 151 gold pieces.

Inventory:

Hand Weapons
 a - a +1 rapier (weapon)
Armour
 b - a +0 scale mail (worn)
 c - a +0 buckler (worn)
Jewellery
 p - a ring of poison resistance
 q - a ring of fire
Scrolls
 g - a scroll of noise {unknown}
 h - 4 scrolls of immolation
 l - a scroll of enchant armour {unknown}
 n - a scroll of amnesia {unknown}
Potions
 d - 3 potions of might
 i - a potion of flight {unknown}
 k - 3 potions of curing {unknown}
 m - a potion of cancellation {unknown}
 o - a potion of brilliance {unknown}


   Skills:
 + Level 3.5 Fighting
 + Level 2.9 Short Blades
 + Level 3.2 Armour
 + Level 3.5 Shields


You had 4 spell levels left.
You didn't know any spells.
Your spell library contained the following spells:

 Spells                   Type           Power      Damage    Failure   Level
 Slow                     Hex            0%         N/A       83%         1
 Blink                    Tloc           0%         N/A       93%         2
 Ensorcelled Hibernation  Hex/Ice        0%         N/A       93%         2
 Passwall                 Tmut/Erth      0%         N/A       93%         2
 Dazzling Flash           Conj/Hex       0%         N/A       99%         3
 Lesser Beckoning         Tloc           0%         N/A       99%         3
 Swiftness                Air            0%         N/A       99%         3
 Iskenderun's Mystic Bla  Conj/Tloc      0%         2d3       100%        4
 Manifold Assault         Tloc           0%         N/A       100%        5
 Starburst                Conj/Fire      0%         6d3       100%        6


Dungeon Overview and Level Annotations

Branches:
Dungeon (4/15)
 Temple: D:4-7

Altars:

Shops:
D:2 (


Innate Abilities, Weirdness & Mutations

You have extremely sharp teeth.
Your natural rate of healing is unusually fast.
When hurt, damage is shared between your health and your magic reserves.
Your bite disrupts and absorbs the magic of your enemies.
Potions cannot restore your health.


Message History

You are poisoned.
The killer bee poisons you! The killer bee stings you.
You block the killer bee's attack.
The necrophage hits you but does no damage.
You feel sick. The killer bee stings you.
You are more poisoned.
The killer bee poisons you! The killer bee barely misses you.
The killer bee misses you. You block the necrophage's attack.
Unknown command.
As you read the scroll labelled UXZETS DAPT, it crumbles to dust.
It is a scroll of enchant weapon.
Your +0 rapier glows red for a moment.
You feel very sick. The killer bee stings you.
The killer bee stings you but does no damage.
The killer bee closely misses you. The killer bee stings you.
The killer bee closely misses you. x2; The killer bee stings you.
The killer bee barely misses you. You block the necrophage's attack.
As you read the scroll labelled LORYIKUINU, it crumbles to dust.
It is a scroll of identify.
h - 4 scrolls of immolation You feel very sick.
You block the killer bee's attack. x2
The killer bee stings you but does no damage.
The killer bee stings you.
* * * LOW HITPOINT WARNING * * *
The killer bee stings you.
* * * LOW HITPOINT WARNING * * *
You block the killer bee's attack. The killer bee stings you.
The endoplasm jiggles.
The killer bee barely misses you.
The necrophage hits you but does no damage.
As you read the scroll labelled RIBE ZEGERRUDO, it crumbles to dust.
You feel strangely unstable.
It was a scroll of teleportation.
You feel sick. The killer bee closely misses you.
You block the killer bee's attack.
The killer bee stings you but does no damage. x3
The killer bee stings you.
* * * LOW HITPOINT WARNING * * *
You block the killer bee's attack. x2; The necrophage hits you.
You die...

## ##.#####
##......
##.....##
###.......##.
#............
#.y<.....#
#yyyJ.$#.<.
.....#@ny....#
.##. ##y..####
# ##.## ##


You could see a necrophage, 6 killer bees and an endoplasm.

Vanquished Creatures
  Terence (D:2)
  4 gnolls (D:2)
  4 adders (D:3)
  3 dart slugs
  5 orcs (D:3)
  4 ball pythons
  3 bats
  5 endoplasms
  9 goblins
  4 hobgoblins
  3 jackals (D:2)
  3 kobolds
  A quokka (D:3)
  A frilled lizard (D:3)
  3 rats
53 creatures vanquished.

Notes
Turn   | Place    | Note
-------+----------+-------------------------------------------
     0 | D:1      | ZappyNine the Vine Stalker Fighter began the quest for the
                  | Orb.
     0 | D:1      | Reached XP level 1. HP: 11/11 MP: 2/2
   774 | D:1      | Reached XP level 2. HP: 16/16 MP: 3/3
  1003 | D:1      | Found a faded altar of an unknown god.
  1012 | D:1      | Got Plato's Handbook of Execration
  1352 | D:2      | Found Seps's Weapon Boutique.
  1422 | D:2      | Reached XP level 3. HP: 20/20 MP: 4/4
  1565 | D:2      | Gained mutation: Your natural rate of healing is unusually
                  | fast. [Vine Stalker growth]
  1565 | D:2      | Reached XP level 4. HP: 12/24 MP: 3/5
  1672 | D:2      | Noticed Terence
  1682 | D:2      | Killed Terence
  2085 | D:3      | Reached XP level 5. HP: 17/28 MP: 3/6
  2221 | D:3      | Identified the +4 robe of Cowardice {Stlth+}
  2726 | D:4      | Noticed a necrophage
  2732 | D:4      | Slain by a necrophage

Illustrated notes

Levels and vault maps discovered:
D:1:      elethiomel_arrival_maze, layout_loops_ring,
          shapermc_ecumenical_altar_rom_forum
D:2:      cheibrodos_old_hovel, layout_loops_cross, serial_shops,
          nicolae_shop_statue_plus, uniq_terence
D:3:      layout_loops_ring
D:4:      layout_loops_cross, minmay_temple_entry_mist, amethyst_killhole,
          minmay_misc_feat_square, nicolae_shop_dragon_depot,
          nicolae_shop_clearance, uniq_robin

Skill      XL: |  1  2  3  4 |
---------------+-------------+-----
Short Blades   | 2 |  2.9
Fighting       | 3 |  3.5
Shields        | 3 |  3.5
Armour         | 3 |  3.2

Action                   |  1- 3 |  4- 6 || total
-------------------------+-------+-------++-------
Melee: Rapier            |    73 |    67 ||   140
       Bite              |    15 |    17 ||    32
  Use: Scroll            |       |     3 ||     3
Armor: Scale mail        |    26 |    29 ||    55
Dodge: Dodged            |    40 |    34 ||    74
Block: Buckler           |     6 |    24 ||    30
